 Dungeon Crawl Stone Soup version 0.30-a0-626-gd6a5dd7a1f (webtiles) character file.

Game seed: 4639262442053142848

105 pyrow613 the Shooter (level 5, -2/40 HPs)
             Began as a Human Hunter on Jan 11, 2023.
             Killed from afar by Terence (16 damage)
             ... with a bolt of dispelling energy
             ... on level 2 of the Dungeon.
             The game lasted 00:05:31 (1407 turns).

pyrow613 the Shooter (Human Hunter)                 Turns: 1407, Time: 00:05:32

Health: -2/40      AC:  3    Str: 14    XL:     5   Next: 9%
Magic:  5/5        EV: 12    Int:  9    God:
Gold:   67         SH:  0    Dex: 16    Spells: 4/4 levels left

rFire   . . .      SeeInvis .    b - +2 spear (vamp)
rCold   . . .      Faith    .    (no shield)
rNeg    . . .      Spirit   .    c - +0 leather armour
rPois   .          Reflect  .    (no helmet)
rElec   .          Harm     .    (no cloak)
rCorr   .          Rampage  .    (no gloves)
Will    .....                    (no boots)
Stlth   ++                       (no amulet)
HPRegen 0.26/turn                (no ring)
MPRegen 0.09/turn                (no ring)

@: no status effects
A: no striking features
a: no special abilities


You were on level 2 of the Dungeon.
You visited 1 branch of the dungeon, and saw 2 of its levels.

You collected 67 gold pieces.

Inventory:

Hand Weapons
 a - a +0 shortbow
 b - a +2 vampiric spear (weapon)
 f - a +0 sling
Missiles
 g - 3 poisoned darts
Armour
 c - a +0 leather armour (worn)
 e - a +0 chain mail
Scrolls
 h - a scroll of immolation
 j - a scroll of identify
Potions
 d - a potion of brilliance
 i - a potion of heal wounds {unknown}


   Skills:
 + Level 2.8 Fighting
 + Level 4.5 Ranged Weapons
 + Level 3.0 Dodging
 + Level 2.5 Stealth


You had 4 spell levels left.
You didn't know any spells.
Your spell library contained the following spells:

 Spells                   Type           Power      Damage    Failure   Level
 Tukima's Dance           Hex            0%         N/A       83%         3
 Passage of Golubria      Tloc           0%         N/A       99%         4
 Yara's Violent Unravell  Hex/Tmut       0%         3d3       100%        5


Dungeon Overview and Level Annotations

Branches:
Dungeon (2/15)

Altars:

Shops:
D:2 *

Annotations:
D:2 Terence


Message History

The adder is heavily wounded.
You shoot an arrow. The arrow closely misses the adder.
You shoot an arrow. The arrow hits the adder.
The adder is severely wounded.
You shoot an arrow. The arrow hits the adder!
You kill the adder!
Your Dodging skill increases to level 3!
You have reached level 5!
You see here an adder corpse.
You now have 67 gold pieces (gained 3).
You see here an adder corpse.
There is an entrance to Zosy's General Store here.
You can access your shopping list by pressing '$'.
You pick up Great Wizards, Vol.
VII and begin reading...
You add the spells Tukima's Dance, Passage of Golubria and Yara's Violent Unravelling to your library.
Terence the Incautious comes into view.
He is wielding a +0 trident and carrying a wand of quicksilver (13).
You shoot an arrow. The arrow completely misses Terence.
Terence shouts!
You shoot an arrow.
The arrow hits Terence but does no damage.
Terence closely misses you.
You feel a sense of dread.
b - a +2 vampiric spear (weapon)
Terence zaps a wand.
The bolt of dispelling energy hits you!
You reach to attack!
You hit Terence but do no damage.
Terence hits you from afar with a +0 trident!
You are too injured to fight recklessly!
Press: ? - help, v - describe, . - travel The floor.
Terence zaps a wand.
The bolt of dispelling energy misses you.
Terence zaps a wand.
The bolt of dispelling energy misses you.
Terence zaps a wand.
The bolt of dispelling energy hits you.
You see here a +0 dagger.
Terence zaps a wand.
The bolt of dispelling energy hits you!
* * * LOW HITPOINT WARNING * * *
There is a stone staircase leading up here.
Terence zaps a wand.
The bolt of dispelling energy hits you!
You die...

###.####...@.....@..# #.#.#
#.#...#..########## # #.#
#........# #.. #........# ...
###.#####.## ....# #.# ##### #.#
#@######### #####.......@.#
####### #####........####.######
#......
...........#...........####.#####
#####.###..#.###..##÷.<.....#
#.##.....# #..##...###..###.#
#.#......###.###...###§§.....
#...........###.....##§§###..
#########.####### ##.............
...## #.# ##.#####.###.#


You could see Terence.

Vanquished Creatures
  3 gnolls (D:2)
  3 adders (D:2)
  2 dart slugs (D:1)
  5 ball pythons
  4 bats
  5 endoplasms
  4 giant cockroaches
  4 goblins
  2 hobgoblins (D:1)
  3 jackals (D:2)
  2 quokkas (D:1)
  A frilled lizard (D:1)
  A kobold (D:1)
  3 rats
42 creatures vanquished.

Notes
Turn   | Place    | Note
-------+----------+-------------------------------------------
     0 | D:1      | pyrow613 the Human Hunter began the quest for the Orb.
     0 | D:1      | Reached XP level 1. HP: 16/16 MP: 1/1
    78 | D:1      | Reached XP level 2. HP: 22/22 MP: 2/2
   333 | D:1      | Reached XP level 3. HP: 27/27 MP: 3/3
   813 | D:2      | Reached XP level 4. HP: 27/34 MP: 4/4
  1315 | D:2      | Found Zosy's General Store.
  1324 | D:2      | Reached XP level 5. HP: 40/40 MP: 5/5
  1345 | D:2      | Noticed Terence
  1407 | D:2      | Killed from afar by Terence

Illustrated notes

Levels and vault maps discovered:
D:1:      mainiacjoe_arrival_reflecting_pool, layout_basic
D:2:      layout_loops_corners, serial_shops, nicolae_shop_trees, uniq_sigmund,
          uniq_terence, uniq_natasha

Skill      XL: |  1  2  3  4 |
---------------+-------------+-----
Stealth        | 2 |  2.5
Dodging        | 3 |  3.0
Fighting       | |  2.8
Ranged Weapons | |  4.5

Action                   |  1- 3 |  4- 6 || total
-------------------------+-------+-------++-------
Melee: Spear             |       |     1 ||     1
 Fire: Shortbow          |    96 |    41 ||   137
  Use: Scroll            |     2 |       ||     2
Armor: Leather armour    |    17 |     3 ||    20
Dodge: Dodged            |    37 |    13 ||    50

Table legend: (Time is in decaauts)
 A = Elapsed time spent in this place.
 B = Non-inter-level travel time spent in this place.
 C = Inter-level travel time spent in this place.
 D = Time resting spent in this place.
 E = Time spent auto-exploring this place.
 F = Levels seen in this place.
 G = Mean time per level.
                   A        B        C        D        E       F      G
               +--------+--------+--------+--------+--------+-----+--------+
         Total |   1451 |   1356 |     95 |    129 |    850 |   2 |  725.5 |
       Dungeon |   1451 |   1356 |     95 |    129 |    850 |   2 |  725.5 |
               +--------+--------+--------+--------+--------+-----+--------+

Top non-repeatable levels by time:
     D:1: 928 daAuts
     D:2: 523 daAuts
